 Dungeon Crawl Stone Soup version 0.28.0-53-g5a82cb258f (webtiles) character file.

Game seed: 9500889609109735414

1444 greena the Chopper (level 8, 0/70 HPs)
             Began as a Minotaur Berserker on May 26, 2022.
             Was a Priest of Trog.
             Slain by Pikel
             ... wielding a +0 whip of electrocution
              (3 damage)
             ... on level 5 of the Dungeon.
             The game lasted 00:19:36 (5354 turns).

greena the Chopper (Minotaur Berserker)             Turns: 5354, Time: 00:19:36

Health: 0/70       AC: 10    Str: 23    XL:     8   Next: 46%
Magic:  7/7        EV: 11    Int:  4    God:    Trog [***...]
Gold:   226        SH:  0    Dex:  9    Spells: 7/7 levels left

rFire   . . .      SeeInvis .   j - +1 mace (vorpal)
rCold   . . .      Faith    .   (no shield)
rNeg    . . .      Spirit   .   l - +0 scale mail
rPois   .          Reflect  .   (helmet restricted)
rElec   .          Harm     .   (no cloak)
rCorr   .          Rampage  .   (no gloves)
Will    .....                   e - +1 pair of boots
Stlth   +.........              (no amulet)
HPRegen 0.21/turn               q - +4 ring of protection
MPRegen 0.10/turn               (no ring)

@: on berserk cooldown, slowed, very slow
A: horns 2, retaliatory headbutt, deformed body, weak 1, sturdy frame 1
a: Renounce Religion, Berserk, Trog's Hand


You were on level 5 of the Dungeon.
You worshipped Trog.
Trog was most pleased with you.
You visited 1 branch of the dungeon, and saw 5 of its levels.
You also visited: Ossuary.

You collected 226 gold pieces.

Inventory:

Hand Weapons
 j - a +1 vorpal mace (weapon)
 n - a +1 arbalest
Missiles
 a - 4 javelins (quivered)
 h - 26 arrows
 k - 18 bolts
Armour
 e - a +1 pair of boots (worn)
 l - a +0 scale mail (worn)
Jewellery
 q - a +4 ring of protection (left hand)
Wands
 m - a wand of iceblast (14)
Scrolls
 b - a scroll of identify
 d - a scroll of brand weapon {unknown}
 g - a scroll of summoning
 i - a scroll of acquirement {unknown}
 p - a scroll of holy word {unknown}
 u - 3 scrolls of enchant armour
Potions
 c - 5 potions of heal wounds
 f - 2 potions of haste
 o - 3 potions of brilliance
 r - a potion of magic
 v - 2 potions of might
 w - 5 potions of curing
 x - a potion of invisibility
 z - a potion of ambrosia


   Skills:
 + Level 6.1 Fighting
 + Level 6.2(7.3) Axes
 + Level 5.8(7.1) Maces & Flails
 + Level 4.2 Crossbows
 + Level 6.0 Armour
 + Level 3.7 Dodging
 + Level 1.2 Stealth


You had 7 spell levels left.
You didn't know any spells.
Your spell library was empty.

Dungeon Overview and Level Annotations

Branches:
Dungeon (5/15)            Ossuary (visited)
 Temple: D:4-7

Altars:
Cheibriados
Dithmenos
Elyvilon
Nemelex Xobeh
Qazlal
Ru
Sif Muna
Trog
Xom
Yredelemnul
The Shining One

Annotations:
D:5 Pikel


Innate Abilities, Weirdness & Mutations

You have a pair of horns on your head.
You reflexively headbutt those who attack you in melee.
Armour fits poorly on your strangely shaped body.
You are weak. (Str -2)
Your movements are slightly less encumbered by armour. (ER -2)


Message History

* * * LOW HITPOINT WARNING * * *
You feel a strong urge to attack something.
You are no longer berserk.
You are exhausted.
You feel yourself slow down.
Blink to where?
Press: ? - help, Dir - move target
As you read the scroll of blinking, it crumbles to dust.
You close the door.
Something unseen opens the door.
You are no longer corroded.
Pikel zaps a wand.
The mass of ice explodes!
The iceblast engulfs you.
* * * LOW HITPOINT WARNING * * *
The lemure completely misses you. You furiously retaliate!
You headbutt the lemure! The lemure hits you but does no damage.
The lemure closely misses you.
You hit the lemure.
You headbutt the lemure, but do no damage.
The lemure is severely wounded.
The lemure barely misses you. The lemure hits you.
* * * LOW HITPOINT WARNING * * *
You sock the lemure!
You kill the lemure!
That felt strangely unrewarding.
You closely miss Pikel.
Pikel is heavily wounded.
Pikel cracks his whip.
Pikel hits you but does no damage. The lemure closely misses you.
Pikel barely misses you. You furiously retaliate!
You headbutt Pikel! You barely miss Pikel.
You headbutt Pikel, but do no damage.
Pikel is almost dead.
The lemure completely misses you.
Pikel hits you with a +0 whip of electrocution.
* * * LOW HITPOINT WARNING * * *
The lemure barely misses you. The lemure hits you but does no damage.
You hit Pikel but do no damage.
Pikel is almost dead.
Pikel hits you with a +0 whip of electrocution.
You die...

###### .....# .....#
....############
....#......#...###+#######
....#......#...5@<<.......
.5..5......#...K5.........
....#K.....#.......####+##
#####......#..#.####
#...........#
#....#.#.#..#
#(..........#
#....#.#.#..#
#...........#


You could see Pikel and 2 lemures.

Vanquished Creatures
  Edmund (D:4)
  2 lemures (D:5)
  8 scorpions (Ossuary)
  5 wights (D:3)
  3 centaur zombies (Ossuary)
  A hound (D:4)
  A human zombie (Ossuary)
  A jelly (D:5)
  Ijyb (D:3)
  2 orc priests
  4 scorpion zombies (Ossuary)
  Natasha (thrice) (D:2)
  2 orc wizards (D:3)
  4 mummies
  An ufetubus (D:4)
  An adder skeleton (D:4)
  2 worms (D:2)
  A dart slug (D:5)
  12 orcs
  4 ball pythons
  6 endoplasms
  3 giant cockroaches
  7 goblins
  4 hobgoblins
  6 jackals (D:3)
  6 quokkas
  3 bats
  3 frilled lizards
  A gnoll zombie (Ossuary)
  3 goblin zombies (Ossuary)
  2 hobgoblin zombies (Ossuary)
  7 kobolds
  2 kobold zombies (Ossuary)
  An orc zombie (Ossuary)
  7 rats
120 creatures vanquished.

Vanquished Creatures (others)
  37 plants
37 creatures vanquished.

Grand Total: 157 creatures vanquished

Notes
Turn   | Place    | Note
-------+----------+-------------------------------------------
     0 | D:1      | greena the Minotaur Berserker began the quest for the Orb.
     0 | D:1      | Reached XP level 1. HP: 19/19 MP: 0/0
   313 | D:1      | Reached XP level 2. HP: 25/27 MP: 1/1
   742 | D:1      | Reached ** piety under Trog
  1210 | D:2      | Reached XP level 3. HP: 31/33 MP: 2/2
  1416 | D:2      | Found a basalt altar of Yredelemnul.
  1824 | D:3      | Noticed Natasha
  1833 | D:2      | Killed Natasha
  1834 | D:2      | Reached XP level 4. HP: 17/41 MP: 3/3
  1846 | D:2      | Noticed Natasha
  1851 | D:2      | Killed Natasha
  1852 | D:2      | Reached skill level 5 in Axes
  2021 | D:2      | Noticed Natasha
  2028 | D:2      | Killed Natasha
  2055 | D:3      | Reached XP level 5. HP: 38/47 MP: 4/4
  2217 | D:3      | Found a sparkling altar of Nemelex Xobeh.
  2255 | D:3      | Found a faded altar of an unknown god.
  2256 | D:3      | Noticed Ijyb
  2271 | D:3      | Killed Ijyb
  2371 | D:3      | Found a white marble altar of Elyvilon.
  2693 | D:3      | Reached skill level 1 in Maces & Flails
  2693 | D:3      | Reached XP level 6. HP: 53/55 MP: 5/5
  2701 | D:3      | Reached skill level 5 in Fighting
  2701 | D:3      | Reached skill level 1 in Crossbows
  2903 | D:3      | Found a large runed translucent door.
  2905 | D:3      | Found a large runed translucent door.
  2913 | D:3      | Found a stormy altar of Qazlal.
  2934 | D:3      | Found a glowing golden altar of the Shining One.
  3047 | D:3      | Found a bloodstained altar of Trog.
  3073 | D:3      | Reached *** piety under Trog
  3530 | D:4      | Found a sand-covered staircase.
  3536 | D:4      | Reached XP level 7. HP: 53/61 MP: 6/6
  3540 | Ossuary  | Entered an ossuary
  3816 | Ossuary  | Reached skill level 5 in Armour
  3824 | Ossuary  | Reached skill level 1 in Stealth
  3870 | Ossuary  | Reached XP level 8. HP: 70/70 MP: 7/7
  4054 | Ossuary  | Reached skill level 5 in Maces & Flails
  4079 | Ossuary  | Gained mutation: Armour fits poorly on your strangely
                  | shaped body. [potion of mutation]
  4079 | Ossuary  | Gained mutation: You are weak. (Str -2) [potion of
                  | mutation]
  4079 | Ossuary  | Gained mutation: Your movements are slightly less
                  | encumbered by armour. (ER -2) [potion of mutation]
  4525 | D:4      | Found a shimmering altar of Xom.
  4616 | D:4      | Noticed Edmund
  4629 | D:4      | Killed Edmund
  4759 | D:4      | Found a snail-covered altar of Cheibriados.
  4773 | D:4      | Found a shimmering blue altar of Sif Muna.
  4786 | D:4      | Found a sacrificial altar of Ru.
  4786 | D:4      | Found a shadowy altar of Dithmenos.
  5267 | D:5      | Entered Level 5 of the Dungeon
  5307 | D:5      | Noticed Pikel
  5353 | D:5      | HP: 3/70 [Pikel/+0 whip of electrocution (2)]
  5354 | D:5      | Slain by Pikel

Illustrated notes

Levels and vault maps discovered:
D:1:      wander_arrival_peaceful_grave, layout_basic, serial_bayou_pond_b,
          bh_walls_and_bars
D:2:      layout_basic, basic_altar
D:3:      layout_loops_corners, nemelex_xobeh_ov_fountains_minmay,
          mainiacjoe_overflow_small_starburst, jmf_multi_god_temple2,
          mainiacjoe_overflow_boulevard, ebering_ecumenical_altar_mist,
          minmay_diced_spiral, uniq_ijyb, uniq_natasha
D:4:      layout_basic, nicolae_overflow_hallway_of_the_gods,
          gup_ossuary_entry_pyramid, serial_bayou, serial_bayou_ford_a,
          serial_bayou_shore_a, serial_bayou_lagoon_a, serial_bayou_pond_d,
          uniq_edmund
D:5:      layout_gridville, mainiacjoe_overflow_alcove_2,
          minmay_temple_entry_hall, serial_glass, glass_columns_b,
          glass_columns_a, glass_columns_b, glass_columns_c, glass_columns_b,
          minmay_fountain_box, uniq_blork_the_orc, uniq_pikel

Skill      XL: |  1  2  3  4  5  6  7  8 |
---------------+-------------------------+-----
Axes           | 4 5 6 |  6.2
Fighting       | 4 5 6 |  6.1
Armour         | 3 4 5 6 |  6.0
Maces & Flails | 1 2 3 5 |  5.8
Dodging        | 3 |  3.7
Crossbows      | 2 4 |  4.2
Stealth        | 1 |  1.2

Action                   |  1- 3 |  4- 6 |  7- 9 || total
-------------------------+-------+-------+-------++-------
Melee: Hand axe          |    94 |    22 |       ||   116
       Headbutt          |    15 |     7 |    28 ||    50
       Mace              |       |    38 |   128 ||   166
       Punch             |       |       |     2 ||     2
 Fire: Arbalest          |       |    36 |       ||    36
Invok: Berserk           |     2 |     1 |     4 ||     7
  Use: Scroll            |       |     5 |    14 ||    19
       Potion            |       |       |     4 ||     4
Armor: Leather armour    |    18 |       |       ||    18
       Scale mail        |     4 |    41 |    67 ||   112
Dodge: Dodged            |    55 |    28 |    82 ||   165
